[Event "*** SCC Grand Prix: Titled Tuesday Blitz"]
[Site "Chess.com"]
[Date "2020.06.23"]
[Round "10"]
[White "ChessQueen"]
[Black "keshka01"]
[Result "1/2-1/2"]
[WhiteElo "2712"]
[BlackElo "2594"]
[TimeControl "180+1"]
[EndTime "11:57:21 PDT"]
[Termination "Game drawn by repetition"]

1. e4 Nf6 2. e5 Nd5 3. d4 d6 4. Nf3 dxe5 5. Nxe5 c6 6. Be2 Bf5 7. O-O Nd7 8. Nf3 e6 9. c4 N5f6 10. Nc3 Bd6 11. h3 O-O 12. Bg5 h6 13. Bh4 Re8 14.
c5 Bc7 15. Qb3 Qb8 16. g4 Bg6 17. Kg2 Nd5 18. Nxd5 exd5 19. Bd3 Nf8 20. Bg3 Bxg3 21. fxg3 Re3 22. Rad1 Be4 23. Qc2 Rxf3 24. Rxf3 Bxf3+ 25. Kxf3 Ne6 26. Bf5 Qd8 27. Bxe6 fxe6 28. Qe2 Qf6+ 29.
Kg2 Rf8 30. b4 a6 31. a4 Qg6 32. Re1 Kh8 33. Qxe6 Qc2+ 34. Re2 Qxa4 35. Qe7 Rf6 36.
g5 hxg5 37. Qe8+ Kh7 38. Qh5+ Rh6 39. Qxg5 Qd1 40. Qf5+ Rg6 41. Qh5+ Rh6 42. Qf5+ Rg6 43. Qh5+ Rh6 44. Qf5+ 1/2-1/2

[Event "*** SCC Grand Prix: Titled Tuesday Blitz"]
[Site "Chess.com"]
[Date "2020.06.23"]
[Round "10"]
[White "doons21"]
[Black "manmanlai1"]
[Result "0-1"]
[WhiteElo "2536"]
[BlackElo "2445"]
[TimeControl "180+1"]
[EndTime "11:57:21 PDT"]
[Termination "manmanlai1 won by checkmate"]

1. e4 c5 2. c3 d6 3. d4 Nf6 4.
Bd3 Nc6 5. Ne2 e5 6. d5 Nb8 7.
a4 g6 8. Nd2 Bg7 9. Nc4 O-O 10.
Bg5 h6 11. Bh4 g5 12. Bg3 Nh5 13. f3 Nf4 14. Nxf4 exf4 15. Bf2 f5 16. Qc2 Re8 17.
O-O-O fxe4 18. Bxe4 b5 19. axb5 a6 20. b6 Nd7 21. Nxd6 Nxb6 22. Nxe8 Qxe8 23. Bh7+ Kh8 24. Rhe1 Qf8 25. Bg6 Bd7 26. d6 Rb8 27. Bxc5 Nc4 28. b3 Qc8 29. b4 a5 30. Qb3 Qxc5 31. Re7 axb4 32. Rxd7 Qe3+ 33. Kb1 Bxc3 34. Qxc4 Ra8 35. Qf7 Ra1+ 36. Kc2 Qe2+ 37. Kb3 Qa2# 0-1

[Event "*** SCC Grand Prix: Titled Tuesday Blitz"]
[Site "Chess.com"]
[Date "2020.06.23"]
[Round "10"]
[White "Lucas_Tomiello"]
[Black "Thipsay"]
[Result "0-1"]
[WhiteElo "2338"]
[BlackElo "2481"]
[TimeControl "180+1"]
[EndTime "11:57:23 PDT"]
[Termination "Thipsay won by resignation"]

1. e4 e5 2. Nf3 Nc6 3. Bb5 a6 4. Ba4 Nf6 5. O-O Be7 6. Re1 b5 7. Bb3 O-O 8. h3 d6 9. c3 Na5 10. Bc2 c5 11. d4 Qc7 12. Nbd2 cxd4 13. cxd4 Bd7 14. Nf1 Rac8 15. Bd3 Nc6 16. d5 Nb4 17. Ne3 Nxd3 18. Qxd3 Rfe8 19. Bd2 Qb8 20. Nh2 Bd8 21. Nhg4 Nxg4 22. hxg4 g6 23. g3 Bb6 24. Kg2 Bxe3 25.
Bxe3 Bxg4 26. Rh1 f5 27. f3 fxe4 28. fxe4 Rf8 29. Raf1 Qc7 30. Rxf8+ Rxf8 31. Rf1 Rxf1 32. Qxf1 Qc2+ 33. Qf2 Qxe4+ 34. Kh2 Bf5 35. Bh6 Qc2 36. Qxc2 Bxc2 37. Be3 Be4 38. g4 Bxd5 39. a3 Kf7 40. g5 Ke6 41. Kg3 Bb3 42. Kg4 d5 43. Kf3 d4 0-1

[Event "*** SCC Grand Prix: Titled Tuesday Blitz"]
[Site "Chess.com"]
[Date "2020.06.23"]
[Round "10"]
[White "sergeikim"]
[Black "MF1966Idrisov"]
[Result "1/2-1/2"]
[WhiteElo "2495"]
[BlackElo "2357"]
[TimeControl "180+1"]
[EndTime "11:57:23 PDT"]
[Termination "Game drawn by repetition"]

1. d4 d6 2. c4 f5 3. g3 e6 4. Bg2 Nf6 5. Nf3 Be7 6. O-O O-O 7. Nc3 Ne4 8. Qc2 Nxc3 9. Qxc3 Bf6 10. Qc2 e5 11.
dxe5 dxe5 12. Rd1 Qe7 13. b3 Nc6 14. Bb2 Be6 15. a3 Rad8 16. b4 e4 17. Ne1 Nd4 18.
Bxd4 Bxd4 19. Rab1 b6 20. e3 Be5 21. Bf1 c5 22. b5 h5 23. Ng2 g5 24. h4 Kh7 25.
hxg5 Qxg5 26. Rxd8 Rxd8 27. Rd1 Qe7 28. Be2 Kh6 29.
a4 Rd6 30. Rxd6 Qxd6 31. Qa2 Bc3 32. Qc2 Qd2 33. Qb3 Bf7 34. Nf4 Bb4 35. Qb1 Qe1+ 36. Qxe1 Bxe1 37. Kf1 Bc3 38. Kg2 Kg5 39. Nh3+ Kh6 40.
Nf4 Be5 41. Kh3 Kg5 42. Kg2 Bf6 43. Nh3+ Kh6 44. Nf4 Bg5 45. Nh3 h4 46. Nxg5 Kxg5 47. Kh3 hxg3 48. Kxg3 Be8 49. Kh3 Bf7 50. Kg3 Bg8 51. Bf1 Bf7 52. Be2 1/2-1/2

[Event "*** SCC Grand Prix: Titled Tuesday Blitz"]
[Site "Chess.com"]
[Date "2020.06.23"]
[Round "10"]
[White "FMOlexandrProhorov"]
[Black "Dmitry_Konenkin"]
[Result "1/2-1/2"]
[WhiteElo "2142"]
[BlackElo "2385"]
[TimeControl "180+1"]
[EndTime "11:57:23 PDT"]
[Termination "Game drawn by agreement"]

1. Nf3 d6 2. d4 f5 3. g3 Nf6 4. Bg2 g6 5. O-O Bg7 6. b3 O-O 7. Bb2 e5 8. dxe5 Ng4 9. Qc1 Nxe5 10. Nbd2 Nbc6 11. Nxe5 dxe5 12. Nc4 Nd4 13. Re1 Be6 14.
e3 Nc6 15. Bxc6 bxc6 16. Nxe5 Qd5 17. c4 Qd6 18. f4 c5 19. Qd1 Rad8 20. Qf3 Bc8 21.
Rad1 Qb6 22. Qf2 Bxe5 23. Bxe5 Bb7 24. h4 Qc6 25. Kh2 Rd7 26. Rxd7 Qxd7 27. Ba1 Rd8 28. Re2 Qd3 29. Bf6 Qe4 30. Re1 Rd3 31. Ba1 1/2-1/2

[Event "*** SCC Grand Prix: Titled Tuesday Blitz"]
[Site "Chess.com"]
[Date "2020.06.23"]
[Round "10"]
[White "stolencandy13"]
[Black "monalize"]
[Result "1-0"]
[WhiteElo "2430"]
[BlackElo "2273"]
[TimeControl "180+1"]
[EndTime "11:57:24 PDT"]
[Termination "stolencandy13 won on time"]

1. e4 c5 2. Nf3 d6 3. d4 cxd4 4. Nxd4 Nf6 5. Nc3 a6 6. h3 e5 7.
Nde2 h6 8. g4 b5 9. Bg2 Bb7 10.
O-O Nbd7 11. Ng3 g6 12. Be3 Nb6 13. f4 Nc4 14. Qf3 Nxe3 15. Qxe3 Bg7 16. fxe5 dxe5 17. Rad1 Qc7 18. Nd5 Nxd5 19. exd5 O-O 20. d6 Qd7 21. Bxb7 Qxb7 22. Qe4 Qb6+ 23. Kg2 Rad8 24. Qd5 Kh7 25.
c3 Rd7 26. Ne4 f5 27. Nc5 Ra7 28. Ne6 Rff7 29. Rf3 e4 30. Rff1 fxg4 31. Rxf7 Rxf7 32. Ng5+ hxg5 33. Qxf7 Qe3 34. Rh1 Qd2+ 35. Qf2 Qxd6 36. hxg4+ Kg8 37. Rf1 Qd5 38. Qe3 Be5 39. Qxg5 e3+ 40.
Kh3 e2 41. Qxg6+ Bg7 42. Qe8+ Kh7 43. Qxe2 Qd3+ 44. Qxd3+ 1-0

[Event "*** SCC Grand Prix: Titled Tuesday Blitz"]
[Site "Chess.com"]
[Date "2020.06.23"]
[Round "10"]
[White "IsaacWiebe"]
[Black "Ekka83"]
[Result "1-0"]
[WhiteElo "2123"]
[BlackElo "2324"]
[TimeControl "180+1"]
[EndTime "11:57:25 PDT"]
[Termination "IsaacWiebe won by resignation"]

1. d4 Nf6 2. c4 e5 3. dxe5 Ng4 4. Bf4 g5 5. Bg3 Bc5 6. e3 h5 7. h3 Nxe3 8. fxe3 Bxe3 9. Nf3 h4 10. Bf2 Bxf2+ 11. Kxf2 Nc6 12. Nc3 Qe7 13. Qd5 Nb4 14. Qd4 Nc2 15. Qd1 Nxa1 16. Qxa1 Qc5+ 17. Ke2 Qxc4+ 18. Kf2 Qc5+ 19. Ke2 b6 20. Qc1 Ba6+ 21. Ke1 O-O-O 22. Bxa6+ Kb8 23. Be2 d6 24. e6 fxe6 25.
Qxg5 Qb4 26. Qd2 Rhg8 27. Kf2 Qc5+ 28. Qd4 Qf5 29. Rf1 e5 30. Qe4 Qxe4 31. Nxe4 d5 32. Nc3 e4 33. Nd4 c5 34. Nc6+ Kc7 35. Nxd8 Rxd8 36.
Rd1 Rf8+ 37. Kg1 d4 38. Nxe4 Re8 39. Bf3 Rg8 40. b4 cxb4 41. Rxd4 a5 42. Rd5 Kb8 43. Rd6 Ka7 44. Rd7+ Ka6 45. Be2+ b5 46. Rd6+ Kb7 47.
Bxb5 Rc8 48. Ba6+ Kc7 1-0

[Event "*** SCC Grand Prix: Titled Tuesday Blitz"]
[Site "Chess.com"]
[Date "2020.06.23"]
[Round "10"]
[White "WiktoriaPOL"]
[Black "cukin84"]
[Result "0-1"]
[WhiteElo "1946"]
[BlackElo "2153"]
[TimeControl "180+1"]
[EndTime "11:57:25 PDT"]
[Termination "cukin84 won on time"]

1. c4 f5 2. Nc3 Nf6 3. g3 g6 4.
Bg2 Bg7 5. e3 O-O 6. Nge2 d6 7.
d3 Nc6 8. O-O e5 9. Rb1 a6 10. b4 Qe8 11. a4 Kh8 12. b5 axb5 13. axb5 Nd8 14. Bb2 g5 15. f4 gxf4 16. exf4 Ng4 17.
Qd2 Ne6 18. h3 Nh6 19. Nd5 c6 20. bxc6 bxc6 21. Nb4 Bd7 22. fxe5 dxe5 23. Bxe5 Bxe5 24. Qxh6 Rg8 25. Rf3 Rg6 26. Qh4 Bf6 27. Qh5 Ng7 28. Qxg6 hxg6 29. Nf4 Bd4+ 30. Kh2 Ra1 31. Rxa1 Bxa1 32.
Rf2 Be5 33. Re2 c5 34. Rxe5 Qb8 35. Nbd5 Be8 36. Re7 Qd6 37. Rc7 g5 38. Ne2 Kh7 39.
Rc8 Kh6 40. Nec3 f4 41. g4 f3+ 42. Kg1 fxg2 43. Kxg2 Bf7 44. Ne4 Qe5 45. Rh8+ Kg6 46. Ng3 Bxd5+ 47. cxd5 Qxd5+ 48. Ne4 Qxd3 0-1

[Event "*** SCC Grand Prix: Titled Tuesday Blitz"]
[Site "Chess.com"]
[Date "2020.06.23"]
[Round "10"]
[White "Dr-Bassem"]
[Black "Salem-AR"]
[Result "0-1"]
[WhiteElo "2819"]
[BlackElo "2946"]
[TimeControl "180+1"]
[EndTime "11:57:26 PDT"]
[Termination "Salem-AR won on time"]

1. e4 c5 2. Nf3 Nc6 3. g3 Nf6 4. d3 g6 5. Bg2 Bg7 6. O-O O-O 7. Re1 d6 8. c3 e5 9. a3 a6 10. b4 h6 11. h3 Be6 12. Be3 Qe7 13. Nbd2 b5 14.
d4 cxd4 15. cxd4 exd4 16. Nxd4 Nxd4 17. Bxd4 Rac8 18. Nf1 Rc7 19. Ne3 Rfc8 20. Qf3 Nd7 21. Bxg7 Kxg7 22. Qd1 Rc3 23. a4 Ne5 24. axb5 axb5 25.
Nd5 Bxd5 26. Qxd5 Qf6 27. Rad1 Rc2 28. Rf1 Nc4 29. Rd3 Qe5 30. h4 Rb2 31. Qb7 Qe8 32.
Rf3 Ne5 33. Ra3 Rcc2 34. Ra7 Qd8 35. Qd5 Qf6 0-1

[Event "*** SCC Grand Prix: Titled Tuesday Blitz"]
[Site "Chess.com"]
[Date "2020.06.23"]
[Round "10"]
[White "VincentKeymer"]
[Black "BogdanBelyakov89"]
[Result "1-0"]
[WhiteElo "2822"]
[BlackElo "2582"]
[TimeControl "180+1"]
[EndTime "11:57:26 PDT"]
[Termination "VincentKeymer won on time"]

1. Nf3 Nf6 2. c4 g6 3. Nc3 Bg7 4. g3 O-O 5. Bg2 d6 6. O-O Nc6 7. d4 a6 8. b3 Rb8 9. d5 Na5 10. Bg5 c5 11. dxc6 Nxc6 12. Rc1 h6 13. Bd2 d5 14.
Bf4 Ra8 15. cxd5 Na7 16. e4 Nb5 17. e5 Nxc3 18. Rxc3 Nxd5 19. Rd3 e6 20. Qd2 g5 21.
Be3 b5 22. h4 g4 23. Nd4 Nxe3 24. Qxe3 Rb8 25. Nc6 Qb6 26. Qf4 Rb7 27. Qxg4 Rc7 28. Nd4 Kh8 29. Qf4 Qc5 30. Nf3 Bb7 31. Re1 Rfc8 32. g4 Bxf3 33. Bxf3 Qe7 34. g5 Rg8 35. Kh2 Bf8 36. gxh6 Rc2 37. Be4 Rxa2 38. Rg1 Rxg1 39. Kxg1 Rc2 40. Rg3 1-0

[Event "*** SCC Grand Prix: Titled Tuesday Blitz"]
[Site "Chess.com"]
[Date "2020.06.23"]
[Round "10"]
[White "olksuna"]
[Black "goofypenguin96"]
[Result "0-1"]
[WhiteElo "2600"]
[BlackElo "2393"]
[TimeControl "180+1"]
[EndTime "11:57:27 PDT"]
[Termination "goofypenguin96 won by checkmate"]

1. e4 e6 2. d4 d5 3. Bd3 dxe4 4. Bxe4 Nf6 5. Bf3 c5 6. Ne2 Nc6 7. Be3 cxd4 8. Nxd4 Nxd4 9. Qxd4 Qxd4 10. Bxd4 Be7 11. c4 O-O 12. Nc3 a6 13. O-O-O Rd8 14. Bb6 Rxd1+ 15.
Rxd1 Bd7 16. c5 Bc6 17. b4 Rc8 18. Kb2 h6 19. a4 Kf8 20. Kb3 g5 21. h3 h5 22. Kc4 Nd5 23. Nxd5 exd5+ 24. Bxd5 Bxa4 25. Re1 Bb5+ 26. Kb3 Bc6 27. Kc4 Bb5+ 28. Kb3 Bc6 29. Re5 f6 30. Bxc6 Rxc6 31. Rd5 Ke8 32. g4 hxg4 33.
hxg4 Rc8 34. Kc4 Rc6 35. Kd4 Re6 36. Rf5 Re1 37. Rf3 Re2 38. Kd5 Rd2+ 39. Ke4 Rb2 40. Kf5 Rxb4 41. Re3 Kf7 42. Rf3 Rc4 43. Rh3 Rf4# 0-1

[Event "*** SCC Grand Prix: Titled Tuesday Blitz"]
[Site "Chess.com"]
[Date "2020.06.23"]
[Round "10"]
[White "topotun"]
[Black "viktorskliarov"]
[Result "1/2-1/2"]
[WhiteElo "2701"]
[BlackElo "2555"]
[TimeControl "180+1"]
[EndTime "11:57:28 PDT"]
[Termination "Game drawn by agreement"]

1. e4 c5 2. Nf3 Nc6 3. d4 cxd4 4.
Nxd4 Nf6 5. Nc3 e5 6. Ndb5 d6 7. a4 a6 8. Na3 Bg4 9. Be2 Bxe2 10. Qxe2 d5 11. Bg5 d4 12. Nd5 Be7 13. Bxf6 Bxf6 14. O-O O-O 15. Nc4 Bg5 16. g3 Ne7 17. Ncb6 Nxd5 18.
Nxd5 Rc8 19. c3 dxc3 20. bxc3 f5 21. Rfd1 fxe4 22. Qxe4 Qe8 23. Qg4 Qf7 24. Ra2 Qf3 25.
Qxf3 Rxf3 26. Rb2 Rf7 27. Re1 Bf6 28. Reb1 Rc5 29. Nxf6+ Rxf6 30. Rxb7 Rxc3 31. Ra7 h5 32. Rb2 Ra3 33. Rbb7 Rg6 34. Rb4 Rf6 35. Rbb7 Rg6 36. Re7 Rxa4 37. Rxe5 h4 38. Ra8+ Kh7 39. Kg2 hxg3 40.
hxg3 Ra2 41. Rf5 Rf6 42. Rxf6 gxf6 43. g4 Kg6 44. Kg3 1/2-1/2

[Event "*** SCC Grand Prix: Titled Tuesday Blitz"]
[Site "Chess.com"]
[Date "2020.06.23"]
[Round "10"]
[White "Justinz"]
[Black "MVM2008"]
[Result "1-0"]
[WhiteElo "2387"]
[BlackElo "2090"]
[TimeControl "180+1"]
[EndTime "11:57:28 PDT"]
[Termination "Justinz won by resignation"]

1. e4 e5 2. Nf3 Nc6 3. Nc3 Nf6 4. Bb5 Nd4 5. Ba4 c6 6. Nxe5 Bc5 7. Nd3 Bb6 8. e5 Nd5 9. Nxd5 cxd5 10. c3 Nc6 11. O-O O-O 12. Re1 f6 13. Qf3 fxe5 14. Qxd5+ Kh8 15.
Rf1 d6 16. Bd1 Qf6 17. Bf3 Be6 18. Qb5 d5 19. Bxd5 Bxd5 20. Qxd5 e4 21. Qxe4 Rae8 22. Qg4 Ne5 23. Nxe5 Rxe5 24. d4 Rg5 25. Bxg5 Qg6 26.
Qh4 h6 27. Be3 Bd8 28. Qg3 Qf7 29. Rae1 Bc7 30. Qh3 Qg6 31. f4 Re8 32. f5 Qf7 33.
f6 g6 34. Qxh6+ Kg8 35. Rf3 Qh7 36. f7+ Qxf7 37. Rxf7 Kxf7 38. Qh7+ 1-0

[Event "*** SCC Grand Prix: Titled Tuesday Blitz"]
[Site "Chess.com"]
[Date "2020.06.23"]
[Round "10"]
[White "Sueetin"]
[Black "mshuaau0"]
[Result "1-0"]
[WhiteElo "2341"]
[BlackElo "2191"]
[TimeControl "180+1"]
[EndTime "11:57:28 PDT"]
[Termination "Sueetin won by checkmate"]

1. d4 d5 2. Nf3 Nf6 3. c4 e6 4.
Nc3 Be7 5. Bg5 Nbd7 6. e3 h6 7.
Bh4 O-O 8. Rc1 c5 9. cxd5 Nxd5 10. Bxe7 Nxe7 11. Bd3 cxd4 12. Nxd4 Ne5 13. Bb1 N7c6 14.
O-O Nxd4 15. exd4 Nc6 16. d5 exd5 17. Nxd5 Be6 18. Qc2 g6 19. Ne3 Nd4 20. Qd3 Nf5 21. Qe4 Nxe3 22. Qxe3 Qg5 23. f4 Qf6 24. f5 gxf5 25.
Rf2 Rfd8 26. Rcf1 Qd4 27. Qxh6 Rac8 28. h3 Rc5 29. Kh2 Rdd5 30. Rf4 Qg7 31. Qh4 Rd2 32. R1f2 Rxb2 33. Qd8+ Kh7 34. Qh4+ Kg8 35. Qd8+ Kh7 36. Rh4+ Kg6 37. Rf3 Rc4 38. Rg3+ Rg4 39. hxg4 Qe5 40.
gxf5# 1-0

[Event "*** SCC Grand Prix: Titled Tuesday Blitz"]
[Site "Chess.com"]
[Date "2020.06.23"]
[Round "10"]
[White "dey2580"]
[Black "Kislov_Oleg"]
[Result "1-0"]
[WhiteElo "2538"]
[BlackElo "2385"]
[TimeControl "180+1"]
[EndTime "11:57:29 PDT"]
[Termination "dey2580 won by resignation"]

1. d4 Nf6 2. Nf3 d5 3. c4 e6 4. Nc3 Bb4 5. e3 O-O 6. Be2 Nc6 7. O-O dxc4 8. Bxc4 Bd6 9. Nb5 e5 10. Nxd6 cxd6 11.
dxe5 dxe5 12. h3 Qe7 13. Bb5 Bd7 14. Qe2 e4 15. Bxc6 Bxc6 16. Nd4 Bd7 17. Bd2 Rac8 18. Rfc1 Nd5 19. Qd1 Qg5 20. Kf1 b6 21. Qb3 Qe5 22. Kg1 f5 23. Bc3 Kh8 24. Nc6 Qe6 25. Nxa7 Nxc3 26.
Qxe6 Ne2+ 27. Kf1 Bxe6 28. Rxc8 Bxc8 29. Kxe2 Ba6+ 30. Ke1 Rf6 31. Rc1 h5 32. Rc6 Rf7 33. Nc8 Bb7 34. Nd6 Rd7 35. Nxb7 Rxb7 36. a4 Kh7 37. h4 g6 38. Kd2 Kg7 39. Kc3 b5 40. a5 b4+ 41. Kb3 Kf7 42. a6 Ra7 43. Rb6 Rc7 44. Rb7 1-0

[Event "*** SCC Grand Prix: Titled Tuesday Blitz"]
[Site "Chess.com"]
[Date "2020.06.23"]
[Round "10"]
[White "Parhamov"]
[Black "Onischuk_V"]
[Result "1-0"]
[WhiteElo "3074"]
[BlackElo "2902"]
[TimeControl "180+1"]
[EndTime "11:57:32 PDT"]
[Termination "Parhamov won on time"]

1. d4 d6 2. c4 e5 3. Nf3 e4 4. Ng5 Nf6 5. Nc3 Qe7 6. h4 h6 7. Nh3 Bf5 8. Nf4 c6 9. e3 g6 10.
Be2 h5 11. b4 Bh6 12. b5 O-O 13. a4 Nbd7 14. g3 Bxf4 15. gxf4 c5 16. Bb2 Rfc8 17. a5 Nf8 18. dxc5 dxc5 19. Nd5 Nxd5 20. cxd5 Rd8 21.
Qd2 Rd6 22. Qc3 f6 23. Qxc5 Rc8 24. Qb4 Qd8 25. Rd1 Rc2 26. Rd2 Rxd2 27. Qxd2 Kg7 28. Bc4 Be6 29. O-O Qc8 30. Rc1 Bxd5 31. Be2 Qd8 32.
f5 gxf5 33. Kh2 Bc4 34. Bd4 Bxe2 35. Qxe2 Qe8 36. Bxa7 Nd7 37. Rc7 Kh6 38. Bd4 f4 39. Qc4 1-0

[Event "*** SCC Grand Prix: Titled Tuesday Blitz"]
[Site "Chess.com"]
[Date "2020.06.23"]
[Round "10"]
[White "Alindsay211"]
[Black "dolynachess"]
[Result "0-1"]
[WhiteElo "2319"]
[BlackElo "2459"]
[TimeControl "180+1"]
[EndTime "11:57:32 PDT"]
[Termination "dolynachess won by resignation"]

1. e4 c5 2. Nf3 d6 3. d4 cxd4 4.
Nxd4 Nf6 5. Nc3 a6 6. h3 e5 7.
Nde2 h5 8. Bg5 Be6 9. Bxf6 Qxf6 10. Nd5 Qd8 11. Nec3 Nc6 12. Qd3 g6 13. O-O-O Qa5 14. Kb1 O-O-O 15. a3 Kb8 16. g3 Rc8 17. Bg2 Nd4 18. Rd2 Bh6 19. f4 Rc6 20. Ne2 Nxe2 21. Rxe2 Rhc8 22. c3 Bxd5 23. Qxd5 Qb6 24. fxe5 dxe5 25.
Qxe5+ Ka8 26. Ka2 Bf8 27. Rc1 Bd6 28. Qd5 Bxg3 29. e5 Re6 30. Re4 Rc5 31. Qd3 Bxe5 32. Rb4 Rb5 33. Qf3 Ka7 34. Rd1 Rd6 35. Re1 f6 36.
Ree4 Rdd5 37. Rec4 Rxb4 38. cxb4 Rd2 39. Rc3 Bxc3 40.
Qxc3 Rxg2 41. Qf3 Qf2 0-1

[Event "*** SCC Grand Prix: Titled Tuesday Blitz"]
[Site "Chess.com"]
[Date "2020.06.23"]
[Round "10"]
[White "Falia-p"]
[Black "Gerodot71"]
[Result "0-1"]
[WhiteElo "2249"]
[BlackElo "2421"]
[TimeControl "180+1"]
[EndTime "11:57:32 PDT"]
[Termination "Gerodot71 won on time"]

1. e4 e5 2. Nf3 Nc6 3. Bb5 a6 4. Ba4 Nf6 5. O-O Be7 6. d3 b5 7. Bb3 O-O 8. Re1 d6 9. a3 Nb8 10. Nc3 Nbd7 11. h3 Bb7 12. Bg5 c5 13. Bxf6 Nxf6 14.
a4 Qd7 15. axb5 axb5 16. Rxa8 Rxa8 17. Qd2 Rf8 18. g4 Ne8 19. Bd5 Bc8 20. Kh2 Nc7 21. Bb3 Ne6 22. Nd5 Bd8 23. c3 Kh8 24. Ng1 Bg5 25.
Qd1 g6 26. Ne2 f5 27. exf5 gxf5 28. Ng3 fxg4 29. Ne4 gxh3 30. Rg1 Bf4+ 31. Kh1 Bb7 32. Qg4 h2 33. Rg2 Bc8 34. Ndf6 Qf7 35. Nh5 c4 36. dxc4 Bb7 37. f3 Bxe4 38. fxe4 Nc5 39. Bc2 bxc4 40.
Nxf4 exf4 41. Rxh2 Nd7 42. Rf2 Ne5 43. Qh4 f3 44.
Bd1 Qg7 45. Qh3 Rg8 0-1

[Event "*** SCC Grand Prix: Titled Tuesday Blitz"]
[Site "Chess.com"]
[Date "2020.06.23"]
[Round "10"]
[White "Ashedu66"]
[Black "Azoulas1"]
[Result "1-0"]
[WhiteElo "2159"]
[BlackElo "2017"]
[TimeControl "180+1"]
[EndTime "11:57:32 PDT"]
[Termination "Ashedu66 won by checkmate"]

1. d4 Nf6 2. Nf3 e6 3. c4 c5 4. d5 d6 5. Nc3 g6 6. e4 Bg7 7. h3 O-O 8. Bd3 exd5 9. cxd5 Nbd7 10. O-O Re8 11. Re1 a6 12. a4 Ne5 13. Nxe5 Rxe5 14. Bf4 Re8 15. Qd2 Qc7 16. Bc4 Nd7 17. a5 Ne5 18. Bf1 Bd7 19. Be3 Bc8 20. Na4 Rb8 21. Nb6 Nd7 22. Nxc8 Rbxc8 23. Bf4 Ne5 24. Ra3 Qd7 25.
Rb3 Rc7 26. Bg3 f5 27. Rb6 fxe4 28. Rxe4 Qf5 29. f3 Rd7 30. Qe1 Red8 31. f4 Nf7 32. Re8+ Bf8 33. Re6 Qxd5 34. b3 Qf5 35. Bc4 d5 36.
Rf6 Qc2 37. Bf1 c4 38. bxc4 Bc5+ 39. Kh2 Bxb6 40. axb6 dxc4 41. Qe6 Rd6 42. Qxf7+ Kh8 43. Rxd6 Rxd6 44. Qf8# 1-0

[Event "*** SCC Grand Prix: Titled Tuesday Blitz"]
[Site "Chess.com"]
[Date "2020.06.23"]
[Round "10"]
[White "CarlssonLudvig"]
[Black "JoliyRoger"]
[Result "1-0"]
[WhiteElo "2438"]
[BlackElo "2274"]
[TimeControl "180+1"]
[EndTime "11:57:33 PDT"]
[Termination "CarlssonLudvig won on time"]

1. Nf3 Nf6 2. g3 c5 3. c4 Nc6 4.
Bg2 e6 5. O-O Be7 6. b3 O-O 7. Bb2 Re8 8. Nc3 a6 9. d4 cxd4 10.
Nxd4 Qc7 11. Rc1 Ne5 12. c5 Rb8 13. Na4 Nc6 14. Nxc6 bxc6 15. Qd2 a5 16. Qe3 Rb4 17. Bc3 Rb5 18. Rfd1 Ba6 19. h3 Qa7 20. Bd4 Rb4 21.
Qe5 Bf8 22. e4 Bb5 23. Bc3 Bxa4 24. Bxb4 axb4 25. bxa4 Qxa4 26. Qb2 e5 27. Rd2 h6 28. Rc4 Qa7 29. Qxb4 Rb8 30. Qc3 Re8 31. a4 h5 32.
Kh2 h4 33. g4 Be7 34. Qxe5 Kf8 35. Qc3 Bd8 36. e5 Bc7 37. f4 Nh7 38. Rxd7 g5 39. Qd3 Kg8 40. Rxf7 Kxf7 41. Qxh7+ Kf8 42. Bxc6 1-0

[Event "*** SCC Grand Prix: Titled Tuesday Blitz"]
[Site "Chess.com"]
[Date "2020.06.23"]
[Round "10"]
[White "Fortitudine"]
[Black "WonderChampion"]
[Result "1-0"]
[WhiteElo "2274"]
[BlackElo "2040"]
[TimeControl "180+1"]
[EndTime "11:57:33 PDT"]
[Termination "Fortitudine won by resignation"]

1. d4 d5 2. Nc3 Bf5 3. Nf3 Nf6 4.
Bg5 e6 5. e3 Be7 6. Bd3 Bxd3 7.
Qxd3 Nbd7 8. O-O O-O 9. Bxf6 Bxf6 10. e4 dxe4 11. Nxe4 Qe7 12. Rfe1 Rac8 13. Rad1 Rfd8 14. Qb5 Nb6 15. c3 c6 16. Qh5 h6 17. Nxf6+ Qxf6 18. Qe5 Qxe5 19. Nxe5 Nd7 20. f4 Nf6 21. Kf2 b6 22. g3 Kf8 23. Kf3 Nd7 24. h3 Nxe5+ 25. dxe5 Ke7 26. Ke4 Rd5 27. c4 Rdd8 28. g4 Rc7 29.
Rxd8 Kxd8 30. Rd1+ Rd7 31. Rxd7+ Kxd7 32. f5 Ke7 33. h4 g6 34. Kf4 a6 35. a4 a5 36. c5 bxc5 37. fxg6 fxg6 38. Ke4 Kd7 39. Kd3 Kc7 40. Kc4 Kb6 41. b3 Kb7 42. Kxc5 Kc7 43. b4 axb4 44. Kxb4 Kb6 45. a5+ Kb7 46. Kc5 h5 47.
gxh5 gxh5 48. a6+ Kxa6 49. Kxc6 Ka7 50. Kd6 Kb7 51. Kxe6 Kc7 52. Kf7 1-0

[Event "*** SCC Grand Prix: Titled Tuesday Blitz"]
[Site "Chess.com"]
[Date "2020.06.23"]
[Round "10"]
[White "Twitch_ElhamBlitz05"]
[Black "bait_or_mate"]
[Result "1-0"]
[WhiteElo "2769"]
[BlackElo "2624"]
[TimeControl "180+1"]
[EndTime "11:57:34 PDT"]
[Termination "Twitch_ElhamBlitz05 won by checkmate"]

1. e4 c5 2. Nf3 e6 3. c3 Nf6 4.
e5 Nd5 5. d4 cxd4 6. cxd4 d6 7.
exd6 Bxd6 8. Nc3 Nxc3 9. bxc3 O-O 10. Bd3 h6 11. O-O Nd7 12. Qe2 Nf6 13. Ne5 Qc7 14. Bd2 b6 15. h3 Bb7 16. Ng4 Qe7 17.
Nxh6+ gxh6 18. Bxh6 Kh8 19. Bg5 Rg8 20. f4 Rg7 21.
Qf2 Rg6 22. Qh4+ Kg7 23. Bxg6 fxg6 24. Qh6+ Kf7 25. Rae1 Qf8 26. Qh4 Qg7 27. Bxf6 Qxf6 28. Qh7+ Qg7 29. Qxg7+ Kxg7 30. Rxe6 Rd8 31. f5 Bd5 32.
Rxg6+ Kf7 33. Rf2 b5 34. Rh6 Kg7 35. Rh5 Kf6 36. g4 Ba3 37. g5+ Kg7 38. h4 Bf7 39.
f6+ Kg6 40. Rh6# 1-0

[Event "*** SCC Grand Prix: Titled Tuesday Blitz"]
[Site "Chess.com"]
[Date "2020.06.23"]
[Round "10"]
[White "kuba2006"]
[Black "Isajevsky_Anton"]
[Result "1-0"]
[WhiteElo "2380"]
[BlackElo "2507"]
[TimeControl "180+1"]
[EndTime "11:57:37 PDT"]
[Termination "kuba2006 won by resignation"]

1. e4 c5 2. Nf3 d6 3. d4 cxd4 4. Qxd4 e5 5. Bb5+ Nd7 6. Qd3 a6 7. Bxd7+ Bxd7 8. c4 b5 9. Nc3 Qb6 10. O-O Qb7 11. c5 dxc5 12. Nxe5 Nf6 13. Rd1 Be6 14. Bg5 Be7 15. Nd5 Rd8 16. Bxf6 gxf6 17. Nf3 f5 18. Qc3 Rg8 19. Nxe7 Rxd1+ 20. Rxd1 Qxe7 21. exf5 Bxf5 22. Re1 Be6 23. Qe5 Kf8 24. Qf4 Rg6 25. Ne5 Rf6 26.
Qg5 h6 27. Qh4 Kg7 28. Ng4 Qd8 29. Nxf6 Qxf6 30. Qg3+ Qg5 31. Qxg5+ hxg5 32. Re5 c4 33. Rxg5+ Kf6 34. Rg3 b4 35. h4 Ke5 36. h5 Kd4 37.
h6 Bf5 38. Rf3 Bb1 39. Rxf7 c3 40. bxc3+ bxc3 41. g4 Bxa2 42. Rc7 Bb1 43. f4 Kd3 44. h7 Kd2 45. h8=Q c2 46. Qd4+ 1-0

[Event "*** SCC Grand Prix: Titled Tuesday Blitz"]
[Site "Chess.com"]
[Date "2020.06.23"]
[Round "10"]
[White "chesslh19"]
[Black "WelshTiger"]
[Result "0-1"]
[WhiteElo "2120"]
[BlackElo "2349"]
[TimeControl "180+1"]
[EndTime "11:57:37 PDT"]
[Termination "WelshTiger won on time"]

1. e4 c5 2. Nf3 Nc6 3. d4 cxd4 4. Nxd4 Nf6 5. Nc3 d6 6. Be2 g6 7.
O-O Bg7 8. Be3 O-O 9. Nb3 a5 10.
a4 Nb4 11. f4 d5 12. e5 Ne8 13.
Nd4 f6 14. e6 f5 15. Ncb5 Nf6 16. c3 Nc6 17. Kh1 Ne4 18. Bg1 Rf6 19. c4 Nb4 20. cxd5 Nxd5 21. Bc4 Nb4 22. Ne2 Rf8 23. Qxd8 Rxd8 24.
Rad1 Nd2 25. b3 Nc2 26. Bb6 Nxf1 27. Rxd8+ Bf8 28. Bc5 Kg7 29. g3 Nfe3 30. Ned4 b6 31. Nxc2 Nxc2 32. Bf2 Bb7+ 33. Bd5 Rxd8 34. Bxb7 Rd2 35.
Bxb6 Na1 36. b4 axb4 37. a5 Ra2 38. a6 b3 39. a7 b2 40. Nc3 Nc2 41. a8=Q Rxa8 42. Bxa8 Na3 43. Kg2 b1=Q 0-1